 Dungeon Crawl Stone Soup version 0.31-a0-358-gac0dbeb3ab (webtiles) character file.

Game seed: 9009972834458228792

572 Newt the Changeling (level 7, -5/59 HPs)
             Began as a Pale Draconian Shapeshifter on July 25, 2023.
             Slain by a gnoll
             ... wielding a +0 flail of protection
             ... led by a gnoll bouda
              (9 damage)
             ... on level 5 of the Dungeon.
             The game lasted 00:03:49 (4009 turns).

Newt the Changeling (Pale Draconian Shapeshifter)   Turns: 4009, Time: 00:03:49

Health: -5/59      AC:  6    Str: 19    XL:     7   Next: 12%
Magic:  0/7        EV: 12    Int:  8    God:
Gold:   187        SH:  0    Dex: 12    Spells: 6/6 levels left

rFire   . . .        c - +0 club (spect)
rCold   . . .        q - orb {light}
rNeg    . . .        (body armour unavailable)
rPois   .            (helmet currently unavailable)
rElec   .            (cloak currently unavailable)
rCorr   .            (gloves currently unavailable)
SInv    .            (boots currently unavailable)
Will    .....        p - amulet of guardian spirit
Stlth   +            (no ring)
HPRegen 0.29/turn    (no ring)
MPRegen 0.10/turn

%: guardian spirit
@: about to teleport, beast-form, glowing
A: beast (slay +3), breathe steam, AC +6, unfitting armour, cold-blooded, steam
resistance
a: Breathe Steam, Begin Untransformation


You were on level 5 of the Dungeon.
You were a hulking beast.
You visited 1 branch of the dungeon, and saw 5 of its levels.

You collected 215 gold pieces.
You spent 28 gold pieces at shops.

Inventory:

Hand Weapons
 c - a +0 spectral club (weapon)
Missiles
 l - a throwing net
Armour
 f - a +2 helmet of see invisible
 j - an orb of energy
 q - an orb of light (worn)
Jewellery
 i - a ring of fire
 p - an amulet of guardian spirit (around neck)
Talismans
 b - a beast talisman
Scrolls
 n - a scroll of teleportation
 r - a scroll of revelation
Potions
 a - a potion of lignification
 d - a potion of heal wounds
 e - a potion of curing {unknown}
 g - a potion of brilliance {unknown}
 h - 3 potions of haste {unknown}
 k - 2 potions of enlightenment {unknown}
 m - a potion of might {unknown}
 o - 2 potions of degeneration {unknown}


   Skills:
 - Level 4.0 Fighting
 - Level 3.0 Maces & Flails
 - Level 3.0 Dodging
 - Level 3.0 Unarmed Combat
 + Level 5.2 Shapeshifting


You had 6 spell levels left.
You didn't know any spells.
Your spell library contained the following spells:

 Spells                   Type           Power      Damage    Failure   Level
 Ignite Poison            Fire/Tmut/Pois 0%         N/A       78%         3
 Portal Projectile        Hex/Tloc       0%         N/A       78%         3
 Tukima's Dance           Hex            0%         N/A       78%         3
 Iskenderun's Mystic Bla  Conj/Tloc      0%         2d3       99%         4
 Sticky Flame             Conj/Fire      0%         2d3       99%         4
 Ignition                 Fire           0%         3d3       100%        8


Dungeon Overview and Level Annotations

Branches:
Dungeon (5/15)
 Temple: D:4-7

Altars:
Ashenzari
Elyvilon
Fedhas
Gozag
Kikubaaqudgha
Makhleb
Nemelex Xobeh
Zin

Shops:
D:2 *   D:5 (


Innate Abilities, Weirdness & Mutations

You are a hulking beast.
Your limbs bulge with bestial killing power. (Slay +3)
You can breathe blasts of scalding, opaque steam.
Your pale cyan-grey scales are hard. (AC +6)
You cannot fit into any form of body armour.
You are cold-blooded and may be slowed by cold attacks.
You are immune to the effects of steam.


Message History

The gnoll bouda hits your +0 spectral club but does no damage.
The gnoll closely misses you.
Unknown command.
You sock the gnoll bouda!
You kill the gnoll bouda!
Your +0 spectral club disappears.
The gnoll closely misses you.
The gnoll hits you with a +0 flail of protection.
* * * LOW HITPOINT WARNING * * *
Unknown command.
You hit the gnoll. You tail-slap the gnoll!
The gnoll is heavily wounded.
Your +0 spectral club hits the gnoll but does no damage.
The gnoll closely misses you.
The gnoll hits you with a +0 flail of protection.
* * * LOW HITPOINT WARNING * * *
Unknown command.
You feel much better.
Your +0 spectral club disappears.
The gnoll hits you from afar with a +0 spear.
The gnoll misses you. The gnoll hits you with a +0 spear!
The gnoll barely misses you.
The gnoll hits you with a +0 flail of protection!
* * * LOW HITPOINT WARNING * * *
There is an open door, spattered with blood here.
Items here: $ )) [ †††.
Unknown command.
As you read the scroll of teleportation, it crumbles to dust.
You feel strangely unstable.
The gnoll is no longer moving quickly.
The gnoll barely misses you. The gnoll closely misses you.
The gnoll hits you with a +0 flail of protection.
* * * LOW HITPOINT WARNING * * *
The gnoll barely misses you.
Unknown command.
The gnoll attacks as you move away! The gnoll misses you.
The gnoll attacks as you move away! The gnoll misses you.
The gnoll hits you from afar with a +0 spear.
* * * LOW HITPOINT WARNING * * *
The gnoll hits you with a +0 flail of protection!
You die...

####### #.####### #.....#
#........ #.._..# ########.
###########.....# #......<
......... #⌠#.#⌠######.#.###.
........#####.###......#.....
.........gg)h..#########.###.
..........g#g..........#.# #.
........####....######.#.# #.
######... ##'#.#....#.#.###.
#### #.#.#.#........#.
#.#.....##.#.#.##
#........#.#.# .
####+######.#..#.#.####
#...?....##.#..#.#.....


You could see 4 gnolls.

Vanquished Creatures
  Sigmund (D:2)
  An ogre (D:4)
  A howler monkey (D:4)
  2 hounds
  A gnoll bouda (D:5)
  An orc wizard (D:5)
  Robin (D:2)
  5 gnolls
  4 adders
  A white imp (D:5)
  An ufetubus (D:5)
  2 worms (D:2)
  5 orcs
  5 bats
  4 endoplasms (D:4)
  2 giant cockroaches (D:1)
  13 goblins
  3 hobgoblins
  2 jackals (D:3)
  3 quokkas
  6 ball pythons
  5 frilled lizards
  6 kobolds
  3 rats
78 creatures vanquished.

Vanquished Creatures (others)
  A human (D:3)
  An orc (D:5)
  A quokka (D:5)
3 creatures vanquished.

Grand Total: 81 creatures vanquished

Notes
Turn   | Place    | Note
-------+----------+-------------------------------------------
     0 | D:1      | Newt the Draconian Shapeshifter began the quest for the
                  | Orb.
     0 | D:1      | Reached XP level 1. HP: 16/16 MP: 1/1
   311 | D:1      | Reached XP level 2. HP: 25/25 MP: 2/2
   914 | D:2      | Noticed Robin
   920 | D:2      | Reached XP level 3. HP: 28/31 MP: 3/3
   932 | D:2      | Killed Robin
  1469 | D:2      | Noticed Sigmund
  1479 | D:2      | Killed Sigmund
  1480 | D:2      | Reached XP level 4. HP: 27/40 MP: 4/4
  1480 | D:2      | Reached XP level 5. HP: 31/46 MP: 5/5
  1567 | D:2      | Found Xinurumoj's Assorted Antiques.
  1574 | D:2      | Bought a scroll labelled HAIRAOL OMYBO for 28 gold pieces
  1906 | D:3      | Found a burning altar of Makhleb.
  1906 | D:3      | Noticed a blizzard demon
  1972 | D:3      | Reached XP level 6. HP: 46/52 MP: 6/6
  2255 | D:3      | Found an ancient bone altar of Kikubaaqudgha.
  2256 | D:3      | Noticed a human
  2258 | D:3      | Killed a human
  2365 | D:3      | Found a glowing silver altar of Zin.
  2365 | D:3      | Noticed an angel
  2475 | D:4      | Found a blossoming altar of Fedhas.
  2481 | D:4      | Reached skill level 4 in Shapeshifting
  2618 | D:4      | Found a broken altar of Ashenzari.
  2737 | D:4      | Found a sparkling altar of Nemelex Xobeh.
  3658 | D:5      | Entered Level 5 of the Dungeon
  3746 | D:5      | Found Ritou's Hydra Hut.
  3747 | D:5      | Noticed a seven-headed hydra
  3844 | D:5      | Reached skill level 5 in Shapeshifting
  3914 | D:5      | Your scales start taking on a pale cyan-grey colour.
  3914 | D:5      | Reached XP level 7. HP: 59/59 MP: 7/7
  3914 | D:5      | Gained mutation: You are immune to the effects of steam.
                  | [Pale Draconian growth]
  3918 | D:5      | Found a white marble altar of Elyvilon.
  3965 | D:5      | Found an opulent altar of Gozag.
  4009 | D:5      | Slain by a gnoll

Illustrated notes

Levels and vault maps discovered:
D:1:      lightli_iron_boxes, layout_loops_corners, serial_forest,
          infiniplex_forest_lined_3_way, infiniplex_forest_end_2,
          infiniplex_forest_pool, infiniplex_forest_lined_2,
          infiniplex_forest_end_3, infiniplex_forest_clump_C,
          serial_bayou_pond_a
D:2:      layout_loops_ring, serial_shops, shop, uniq_robin, uniq_sigmund
D:3:      layout_basic, grunt_temple_overflow_order_and_chaos_2,
          tgw_kikubaaqudgha
D:4:      layout_loops_ring, nemelex_dance_club_becter,
          ashenzari_conservatory_becter, overflow_temple_1_default,
          serial_rivers, chequers_serial_rivers_large_b,
          chequers_serial_rivers_large_a, chequers_serial_rivers_room_a,
          chequers_serial_rivers_small_3, grunt_ministairs_10
D:5:      layout_basic, tso_oasis_becter, elyvilon_altar_4,
          mainiacjoe_overflow_alcove_2, doesnt_shop_hydraphobe

Skill      XL: |  1  2  3  4  5  6 |
---------------+-------------------+-----
Fighting       | 2 3 4 |  4.0
Maces & Flails | 3 |  3.0
Dodging        | 3 |  3.0
Shapeshifting  | 5 |  5.2
Unarmed Combat | |  3.0

Action                     |  1- 3 |  4- 6 |  7- 9 || total
---------------------------+-------+-------+-------++-------
  Melee: Unarmed           |    53 |       |       ||    53
         Tailslap          |    13 |     8 |     3 ||    24
         Punch             |     4 |     4 |       ||     8
         Club              |    26 |    82 |    14 ||   122
    Use: Scroll            |     3 |     6 |     1 ||    10
         Potion            |     1 |       |     1 ||     2
   Stab: Sleeping          |     1 |     2 |       ||     3
         Distracted        |     2 |       |       ||     2
 Armour: Skin              |    16 |    20 |     6 ||    42
  Dodge: Dodged            |    52 |    49 |    24 ||   125

Table legend: (Time is in decaauts)
 A = Elapsed time spent in this place.
 B = Non-inter-level travel time spent in this place.
 C = Inter-level travel time spent in this place.
 D = Time resting spent in this place.
 E = Time spent auto-exploring this place.
 F = Levels seen in this place.
 G = Mean time per level.
                   A        B        C        D        E       F      G
               +--------+--------+--------+--------+--------+-----+--------+
         Total |   4096 |   3939 |    157 |    257 |   3192 |   5 |  819.2 |
       Dungeon |   4096 |   3939 |    157 |    257 |   3192 |   5 |  819.2 |
               +--------+--------+--------+--------+--------+-----+--------+

Top non-repeatable levels by time:
     D:4: 1254 daAuts
     D:1: 898 daAuts
     D:2: 887 daAuts
     D:3: 701 daAuts
     D:5: 355 daAuts
